 Dungeon Sprint DCSS version 0.18-a0-1014-g3bbf375 (webtiles) character file.

1813 pipel the Grappler (level 8, -18/92 HPs)
             Began as a Troll Berserker on Jan 6, 2016.
             Was an Elder of Trog.
             Demolished by a polar bear (24 damage)
             ... in the Dungeon (Sprint II: "The Violet Keep of Menkaure").
             The game lasted 00:03:24 (408 turns).

pipel the Grappler (Troll Berserker)                 Turns: 408, Time: 00:03:24

Health: -18/92     AC:  5    Str: 28    XL:     8   Next: 84%
Magic:  7/7        EV: 13    Int:  3    God:    Trog [****..]
Gold:   729        SH:  0    Dex:  9    Spells: 0 memorised, 7 levels left

rFire  . . .     SeeInvis .       - Unarmed
rCold  . . .     Gourm    +     a - +0 animal skin
rNeg   . . .     Faith    .     (no shield)
rPois  .         Spirit   .     (helmet restricted)
rElec  .         Dismiss  .     (no cloak)
rCorr  .         Reflect  .     (gloves unavailable)
SustAt .         Harm     .     (boots unavailable)
MR     .....     Rnd*Rage +     (no amulet)
Stlth  +......... NoTele   +    (no ring)
                                (no ring)

@: exhausted, not resistant to hostile enchantments, very unstealthy
A: unfitting armour, claws 3, berserk 1, fast metabolism 3, gourmand,
regeneration 2, shaggy fur 1, tough skin 2, MP-powered wands
a: Berserk, Trog's Hand, Brothers in Arms, Burn Spellbooks, Renounce Religion


You were in the Dungeon.
You worshipped Trog.
Trog was greatly pleased with you.
You were very full.

You visited 1 branch You collected 729 gold pieces.

Inventory:

Missiles
 i - 3 large rocks (quivered)
Armour
 a - a +0 animal skin (worn)
Scrolls
 h - a scroll of blinking
Potions
 c - a potion of curing
 e - a potion of haste
 f - 2 potions of magic
 g - a potion of berserk rage
Comestibles
 b - 2 bread rations
 j - 3 chunks of flesh


   Skills:
 + Level 9.6 Fighting
 + Level 10.5 Dodging
 + Level 0.4 Stealth
 + Level 11.6 Unarmed Combat


You had 7 spell levels left.
You didn't know any spells.

Dungeon Overview and Level Annotations

Branches:
Dungeon (1/1)

Altars:
Cheibriados
Elyvilon
Fedhas
Gozag
Kikubaaqudgha
Nemelex Xobeh
Okawaru
Qazlal
Ru
Sif Muna
Trog
Xom
Yredelemnul
Zin
The Shining One
Beogh
Jiyva
Lugonu


Innate Abilities, Weirdness & Mutations

You are too large for most types of armour.
You have claws for hands.
Your metabolism is lightning-fast.
You like to eat raw meat.
You heal very quickly.
You are covered in fur (AC +1).
You have very tough skin (AC +2).
You tend to lose your temper in combat.
You expend magic power (3 MP) to strengthen your wands.


Message History

The polar bear bites you!!
* * * LOW HITPOINT WARNING * * *
The polar bear closely misses you. The polar bear claws you.
* * * LOW HITPOINT WARNING * * *
You take 29 damage, and have 1/88 hp.
MASSIVE DAMAGE!!
Drink which item? (? for menu, Esc to quit)
You feel much better. The polar bear bites you.
* * * LOW HITPOINT WARNING * * *
The polar bear claws you.
* * * LOW HITPOINT WARNING * * *
The polar bear claws you.
* * * LOW HITPOINT WARNING * * *
The polar bear closely misses you.
The polar bear claws you but does no damage.
The polar bear barely misses you.
You regained 4 hp, and now have 5/92 hp.
You closely miss the polar bear.
The polar bear is severely wounded.
The polar bear bites you!!
You die...

......# ..# #+##..# #.#
BB.##.#### +^###
.#..#....# #(..# ##
§#.####..## ##..# c#
#÷###.##..# +.(# .#
#.##...#..# #..# .#
.<.'###'..####^.##.#
#.##...#....###.@h##▓▓
#'###.##.§§...≈≈≈≈≈≈≈≈≈≈≈
...####≈≈.....≈#+########
##..#≈≈≈§§≈§§.≈#....._._#
.####≈≈≈≈≈≈≈≈.≈#...._._.#
#+ #≈≈≈≈≈≈≈≈≈≈≈#..._._._#
≈≈≈≈≈§≈§≈≈≈≈≈#.._._._.#
+++#≈§≈≈≈§≈≈≈#._._._._#
##≈§≈###≈≈#.._._.


You could see a polar bear (berserk).

Vanquished Creatures
  A yaktaur (D)
  2 polar bears (D)
  4 neqoxecs (D)
  Menkaure (D)
  A wasp (D)
  4 necrophages (D)
  4 worker ants (D)
17 creatures vanquished.

Vanquished Creatures (others)
  A crocodile (D)
1 creature vanquished.

Grand Total: 18 creatures vanquished

Notes
Turn   | Place    | Note
--------------------------------------------------------------
     0 | D        | pipel the Troll Berserker began the quest for the Orb.
     0 | D        | Reached XP level 1. HP: 22/22 MP: 0/0
     1 | D        | Noticed a necrophage
     1 | D        | Noticed a necrophage
     1 | D        | Noticed a necrophage
     1 | D        | Noticed a necrophage
    10 | D        | Killed a necrophage
    10 | D        | Reached skill level 4 in Fighting
    10 | D        | Reached skill level 5 in Unarmed Combat
    10 | D        | Reached XP level 2. HP: 33/33 MP: 1/1
    10 | D        | Reached XP level 3. HP: 41/41 MP: 2/2
    10 | D        | Reached XP level 4. HP: 49/49 MP: 3/3
    21 | D        | Killed a necrophage
    21 | D        | Reached skill level 5 in Fighting
    21 | D        | Reached skill level 5 in Dodging
    21 | D        | Reached skill level 6 in Unarmed Combat
    21 | D        | Reached XP level 5. HP: 52/57 MP: 4/4
    25 | D        | Killed a necrophage
    25 | D        | Reached skill level 7 in Unarmed Combat
    30 | D        | Killed a necrophage
    30 | D        | Reached skill level 8 in Unarmed Combat
    30 | D        | Reached XP level 6. HP: 27/67 MP: 5/5
    86 | D        | Noticed a boulder beetle
    86 | D        | Noticed a boulder beetle
    89 | D        | Noticed a neqoxec
    89 | D        | Noticed a neqoxec
    89 | D        | Noticed a neqoxec
    89 | D        | Noticed a neqoxec
    92 | D        | Gained mutation: You expend magic power (3 MP) to strengthen your wands. [a neqoxec]
    93 | D        | Killed a neqoxec
    93 | D        | Reached skill level 9 in Unarmed Combat
    98 | D        | Killed a neqoxec
    98 | D        | Reached ** piety under Trog
    98 | D        | Reached XP level 7. HP: 75/75 MP: 6/6
   103 | D        | Gained mutation: You tend to lose your temper in combat. [a neqoxec]
   104 | D        | Killed a neqoxec
   110 | D        | Killed a neqoxec
   110 | D        | Reached skill level 10 in Unarmed Combat
   172 | D        | Reached *** piety under Trog
   240 | D        | Noticed an obsidian statue
   242 | D        | Noticed Menkaure
   246 | D        | Killed Menkaure
   246 | D        | Reached XP level 8. HP: 48/87 MP: 7/7
   261 | D        | Found a deep blue altar of Sif Muna.
   262 | D        | Found a white marble altar of Elyvilon.
   262 | D        | Found a bloodstained altar of Trog.
   263 | D        | Found an opulent altar of Gozag.
   263 | D        | Found a stormy altar of Qazlal.
   263 | D        | Found an ancient bone altar of Kikubaaqudgha.
   263 | D        | Found a snail-covered altar of Cheibriados.
   266 | D        | Found a blossoming altar of Fedhas.
   266 | D        | Found a sparkling altar of Nemelex Xobeh.
   266 | D        | Found a shimmering altar of Xom.
   270 | D        | Found a basalt altar of Yredelemnul.
   270 | D        | Found a glowing silver altar of Zin.
   270 | D        | Found a viscous altar of Jiyva.
   271 | D        | Found a glowing golden altar of the Shining One.
   271 | D        | Found an iron altar of Okawaru.
   357 | D        | Found a corrupted altar of Lugonu.
   357 | D        | Found a sacrificial altar of Ru.
   357 | D        | Found a roughly hewn altar of Beogh.
   358 | D        | Noticed a yaktaur
   358 | D        | Noticed a polar bear
   358 | D        | Noticed a polar bear
   366 | D        | Reached **** piety under Trog
   370 | D        | Killed a polar bear
   370 | D        | Reached skill level 10 in Dodging
   370 | D        | Reached skill level 11 in Unarmed Combat
   371 | D        | Killed a polar bear
   381 | D        | Killed a yaktaur
   381 | D        | Received a gift from Trog
   397 | D        | Noticed a polar bear
   406 | D        | HP: 3/88 [polar bear (28)]
   406 | D        | HP: 1/88 [polar bear (2)]
   408 | D        | Demolished by a polar bear

Vault maps used:
D:        the_violet_keep_of_menkaure

Action                   |  1- 3 |  4- 6 |  7- 9 || total
-------------------------+-------+-------+-------++-------
Melee: Unarmed           |     8 |    27 |    50 ||    85
Invok: Berserk           |     1 |     1 |     2 ||     4
  Use: Potion            |       |       |     1 ||     1
  Eat: Chunk             |       |       |    13 ||    13
